TOP OF THE 1ST |
Pontiac Godfathers batting - Pitching for Mancelona Torch : RHP Luke Riley
|
Pitching: RHP Luke Riley
|
|
Batting: LHB Jerry Padgett
|
0-0: Ball 1-0: Foul Ball, location: 2F 1-1: Ball 2-1: Ball 3-1: Called Strike 3-2: Foul Ball, location: 2F 3-2: Fly out, F7 (Flyball, 7S, EV 81.2 MPH)
|
Batting: LHB Shawn Dalton
|
0-0: Swinging Strike 0-1: DOUBLE (Line Drive, 9LS, EV 100.0 MPH) - OUT at third base trying to stretch hit.
|
Batting: LHB Rod Johnson
|
0-0: Foul Ball, location: 2F 0-1: Reached on error, E4 (Groundball, 4S, EV 81.9 MPH)
|
Batting: LHB Kobbe van Houwelingen
|
0-0: DOUBLE (Flyball, 8RXD, EV 90.6 MPH) Rod Johnson to third
|
Batting: LHB António Castillo
|
0-0: Called Strike 0-1: Ball 1-1: Swinging Strike 1-2: Ball 2-2: Ball 3-2: Base on Balls
|
Batting: RHB David Sterling
|
0-0: Ball 1-0: Ball 2-0: Single, Error in OF, E7, batter to second base (Groundball, 56D, EV 102.5 MPH) Rod Johnson scores Kobbe van Houwelingen scores António Castillo to third
|
Batting: RHB Lance Guy
|
0-0: Called Strike 0-1: Ball 1-1: Called Strike 1-2: Strikes out swinging
|
Top of the 1st over - 2 runs, 3 hits, 2 errors, 2 left on base; Pontiac 2 - Mancelona 0 |
BOTTOM OF THE 1ST |
Mancelona Torch batting - Pitching for Pontiac Godfathers : RHP Lonnie Burton
|
Pitching: RHP Lonnie Burton
|
|
Batting: LHB Scott Rice
|
0-0: Foul Ball, location: 2F 0-1: Ball 1-1: Ball 2-1: Foul Ball, location: 2F 2-2: Foul Ball, location: 2F 2-2: DOUBLE (Line Drive, 89XD, EV 106.2 MPH)
|
Batting: RHB Ed House
|
0-0: Called Strike 0-1: Swinging Strike 0-2: Foul Ball, location: 2F 0-2: Strikes out looking
|
Batting: LHB Roberto Inostraza
|
0-0: Called Strike 0-1: Ball 1-1: Ground out 4-3 (Groundball, 4, EV 86.2 MPH) Scott Rice to third
|
Batting: RHB Gabriel Salinas
|
0-0: Ball 1-0: Swinging Strike 1-1: SINGLE (Groundball, 6MD, EV 111.2 MPH) Scott Rice scores
|
Batting: SHB Harry Kofmeister
|
0-0: Ball 1-0: Called Strike 1-1: SINGLE (Groundball, 34S, EV 65.6 MPH) (infield hit) Gabriel Salinas to second
|
Batting: RHB Broderick Petersen
|
0-0: Foul Ball, location: 2F 0-1: Reached on error, E1 (Groundball, 15S, EV 65.0 MPH) Gabriel Salinas scores Harry Kofmeister to third
|
Batting: LHB Enrique Pérez
|
0-0: Ball 1-0: Called Strike 1-1: Swinging Strike 1-2: Ball 2-2: Foul Ball, location: 2F 2-2: Strikes out looking
|
Bottom of the 1st over - 2 runs, 3 hits, 1 error, 2 left on base; Pontiac 2 - Mancelona 2 |
TOP OF THE 2ND |
Pontiac Godfathers batting - Pitching for Mancelona Torch : RHP Luke Riley
|
Batting: RHB Christian Brown
|
0-0: Ball 1-0: Ground out 4-3 (Groundball, 4, EV 93.8 MPH)
|
Batting: RHB Jerome Burns
|
0-0: Ball 1-0: Ball 2-0: Ball 3-0: Base on Balls
|
Batting: LHB Jerry Padgett
|
0-0: Called Strike 0-1: Ball 1-1: Ball 2-1: Called Strike 2-2: Foul Ball, location: 2F 2-2: SINGLE (Flyball, 78S, EV 93.8 MPH) Jerome Burns to second
|
Batting: LHB Shawn Dalton
|
0-0: Fielders Choice at 2nd, 4-6 (Groundball, 4D, EV 109.4 MPH) Jerome Burns to third
|
Batting: LHB Rod Johnson
|
0-0: Fly out, F7 (Flyball, 7D, EV 95.0 MPH)
|
Top of the 2nd over - 0 runs, 1 hit, 0 errors, 2 left on base; Pontiac 2 - Mancelona 2 |
BOTTOM OF THE 2ND |
Mancelona Torch batting - Pitching for Pontiac Godfathers : RHP Lonnie Burton
|
Batting: RHB Ronnie Pendley
|
0-0: Swinging Strike 0-1: Foul Ball, location: 2F 0-2: Strikes out swinging
|
Batting: SHB Bikila Ayinde
|
0-0: Ball 1-0: Ball 2-0: Ball 3-0: Called Strike 3-1: Base on Balls
|
Batting: LHB Scott Rice
|
0-0: Swinging Strike 0-1: Fly out, F7 (Flyball, 78M, EV 75.6 MPH)
|
Batting: RHB Ed House
|
0-0: Called Strike 0-1: Ball Bikila Ayinde is caught stealing 2nd base 2-4
|
Bottom of the 2nd over - 0 runs, 0 hits, 0 errors, 0 left on base; Pontiac 2 - Mancelona 2 |
TOP OF THE 3RD |
Pontiac Godfathers batting - Pitching for Mancelona Torch : RHP Luke Riley
|
Batting: LHB Kobbe van Houwelingen
|
0-0: Fly out, F8 (Flyball, 8LD, EV 81.9 MPH)
|
Batting: LHB António Castillo
|
0-0: Ground out U3 (Groundball, 34, EV 86.2 MPH)
|
Batting: RHB David Sterling
|
0-0: Swinging Strike 0-1: Ball 1-1: Ball 2-1: Ball 3-1: Base on Balls
|
Batting: RHB Lance Guy
|
0-0: SINGLE (Groundball, 15S, EV 66.2 MPH) (infield hit) David Sterling to second
|
Batting: RHB Christian Brown
|
0-0: Foul Ball, location: 2F 0-1: Ball 1-1: Ball 2-1: Swinging Strike 2-2: Ball 3-2: Fly out, F8 (Flyball, 8LD, EV 106.2 MPH)
|
Top of the 3rd over - 0 runs, 1 hit, 0 errors, 2 left on base; Pontiac 2 - Mancelona 2 |
BOTTOM OF THE 3RD |
Mancelona Torch batting - Pitching for Pontiac Godfathers : RHP Lonnie Burton
|
Batting: RHB Ed House
|
0-0: Fly out, F4 (Popup, 34D, EV 62.5 MPH)
|
Batting: LHB Roberto Inostraza
|
0-0: Foul Ball, location: 2F 0-1: Ball 1-1: Ball 2-1: Foul Ball, location: 2F 2-2: Ball 3-2: Ground out 4-3 (Groundball, 34D, EV 96.2 MPH)
|
Batting: RHB Gabriel Salinas
|
0-0: Called Strike 0-1: SINGLE (Groundball, 56D, EV 109.4 MPH)
|
Batting: SHB Harry Kofmeister
|
0-0: Fly out, F8 (Flyball, 8RS, EV 75.6 MPH)
|
Bottom of the 3rd over - 0 runs, 1 hit, 0 errors, 1 left on base; Pontiac 2 - Mancelona 2 |
TOP OF THE 4TH |
Pontiac Godfathers batting - Pitching for Mancelona Torch : RHP Luke Riley
|
Batting: RHB Jerome Burns
|
0-0: Fly out, F5 (Popup, 5SF, EV 72.5 MPH)
|
Batting: LHB Jerry Padgett
|
0-0: Ball 1-0: Ball 2-0: Ball 3-0: Called Strike 3-1: Base on Balls
|
Batting: LHB Shawn Dalton
|
0-0: Called Strike Jerry Padgett is caught stealing 2nd base 2-6 0-1: Ball 1-1: Ground out 4-3 (Groundball, 4, EV 101.9 MPH)
|
Top of the 4th over - 0 runs, 0 hits, 0 errors, 0 left on base; Pontiac 2 - Mancelona 2 |
BOTTOM OF THE 4TH |
Mancelona Torch batting - Pitching for Pontiac Godfathers : RHP Lonnie Burton
|
Batting: RHB Broderick Petersen
|
0-0: Foul Ball, location: 2F 0-1: Ball 1-1: Ball 2-1: Called Strike 2-2: SINGLE (Line Drive, 8RS, EV 98.8 MPH)
|
Batting: LHB Enrique Pérez
|
0-0: Ball 1-0: Fly out, F9 (Flyball, 89D, EV 91.2 MPH)
|
Batting: RHB Ronnie Pendley
|
0-0: Called Strike 0-1: Ball 1-1: Ball 2-1: Foul Ball, location: 2F 2-2: Ball 3-2: Strikes out swinging
|
Batting: SHB Bikila Ayinde
|
0-0: Swinging Strike 0-1: Ball 1-1: Ball 2-1: Foul Ball, location: 2F 2-2: Strikes out swinging
|
Bottom of the 4th over - 0 runs, 1 hit, 0 errors, 1 left on base; Pontiac 2 - Mancelona 2 |
TOP OF THE 5TH |
Pontiac Godfathers batting - Pitching for Mancelona Torch : RHP Luke Riley
|
Batting: LHB Rod Johnson
|
0-0: Called Strike 0-1: Ball 1-1: Ball 2-1: Fly out, F8 (Line Drive, 8RD, EV 105.6 MPH)
|
Batting: LHB Kobbe van Houwelingen
|
0-0: Foul Ball, location: 2F 0-1: Ball 1-1: Swinging Strike 1-2: Ground out 4-3 (Groundball, 4S, EV 78.1 MPH)
|
Batting: LHB António Castillo
|
0-0: Ground out U3 (Groundball, 34, EV 78.8 MPH)
|
Top of the 5th over - 0 runs, 0 hits, 0 errors, 0 left on base; Pontiac 2 - Mancelona 2 |
BOTTOM OF THE 5TH |
Mancelona Torch batting - Pitching for Pontiac Godfathers : RHP Lonnie Burton
|
Batting: LHB Scott Rice
|
0-0: Foul Ball, location: 2F 0-1: Foul Ball, location: 2F 0-2: Strikes out swinging
|
Batting: RHB Ed House
|
0-0: Ball 1-0: Ball 2-0: Foul Ball, location: 2F 2-1: Foul Ball, location: 2F 2-2: Ball 3-2: Strikes out swinging
|
Batting: LHB Roberto Inostraza
|
0-0: Called Strike 0-1: Ball 1-1: Called Strike 1-2: Strikes out swinging
|
Bottom of the 5th over - 0 runs, 0 hits, 0 errors, 0 left on base; Pontiac 2 - Mancelona 2 |
TOP OF THE 6TH |
Pontiac Godfathers batting - Pitching for Mancelona Torch : RHP Luke Riley
|
Batting: RHB David Sterling
|
0-0: Ball 1-0: Foul Ball, location: 2F 1-1: Foul Ball, location: 2F 1-2: Strikes out swinging
|
Batting: RHB Lance Guy
|
0-0: Ball 1-0: Ball 2-0: Called Strike 2-1: Ground out 5-3 (Groundball, 5S, EV 88.1 MPH)
|
Batting: RHB Christian Brown
|
0-0: Ball 1-0: SINGLE (Groundball, 34D, EV 101.9 MPH)
|
Batting: RHB Jerome Burns
|
0-0: Fly out, F8 (Flyball, 8RM, EV 91.2 MPH)
|
Top of the 6th over - 0 runs, 1 hit, 0 errors, 1 left on base; Pontiac 2 - Mancelona 2 |
BOTTOM OF THE 6TH |
Mancelona Torch batting - Pitching for Pontiac Godfathers : RHP Lonnie Burton
|
Batting: RHB Gabriel Salinas
|
0-0: Called Strike 0-1: Swinging Strike 0-2: Ball 1-2: Ball 2-2: Foul Ball, location: 2F 2-2: Ground out 5-3 (Groundball, 56, EV 91.2 MPH)
|
Batting: SHB Harry Kofmeister
|
0-0: Ball 1-0: Fly out, F8 (Flyball, 8LM, EV 89.4 MPH)
|
Batting: RHB Broderick Petersen
|
0-0: Called Strike 0-1: Swinging Strike 0-2: Foul Ball, location: 2F 0-2: Foul Ball, location: 2F 0-2: SINGLE (Groundball, P, EV 83.1 MPH) (infield hit)
|
Batting: LHB Enrique Pérez
|
0-0: Ball 1-0: Ball 2-0: Ground out 4-3 (Groundball, 4, EV 88.8 MPH)
|
Bottom of the 6th over - 0 runs, 1 hit, 0 errors, 1 left on base; Pontiac 2 - Mancelona 2 |
TOP OF THE 7TH |
Pontiac Godfathers batting - Pitching for Mancelona Torch : RHP Luke Riley
|
Pitching: LHP Ramón Sánchez
|
|
Batting: LHB Jerry Padgett
|
0-0: Called Strike 0-1: Called Strike 0-2: Strikes out looking
|
Batting: LHB Shawn Dalton
|
0-0: Foul Ball, location: 2F 0-1: Ball 1-1: Swinging Strike 1-2: Strikes out swinging
|
Pinch Hitting: RHB Francisco Garza
|
0-0: Ball 1-0: Ball 2-0: Ball 3-0: Base on Balls
|
Batting: LHB Kobbe van Houwelingen
|
0-0: Ball 1-0: SINGLE (Line Drive, 8RS, EV 95.6 MPH) Francisco Garza to second Runner from 2nd tries for 3rd, SAFE, no throw by CF
|
Batting: LHB António Castillo
|
0-0: 3-RUN HOME RUN (Flyball, 89XD, EV 101.9 MPH), Distance : 403 ft
|
Pitching: RHP Carlos Orozco
|
|
Batting: RHB David Sterling
|
0-0: Ball 1-0: Ball 2-0: Ball 3-0: Called Strike 3-1: Ground out 5-3 (Groundball, 56, EV 103.8 MPH)
|
Top of the 7th over - 3 runs, 2 hits, 0 errors, 0 left on base; Pontiac 5 - Mancelona 2 |
BOTTOM OF THE 7TH |
Mancelona Torch batting - Pitching for Pontiac Godfathers : RHP Lonnie Burton
|
Now in RF: Arthur Shelton
|
|
Batting: RHB Ronnie Pendley
|
0-0: Ball 1-0: Swinging Strike 1-1: Ball 2-1: Ball 3-1: Swinging Strike 3-2: Base on Balls
|
Batting: SHB Bikila Ayinde
|
0-0: Foul Ball, location: 2F 0-1: Called Strike 0-2: Foul Ball, location: 2F 0-2: Strikes out swinging
|
Batting: LHB Scott Rice
|
0-0: Called Strike 0-1: Ball 1-1: Called Strike 1-2: TRIPLE (Flyball, 89XD, EV 89.4 MPH) Ronnie Pendley scores
|
Pinch Hitting: SHB Christophe Bouet
|
0-0: Foul Ball, location: 2F 0-1: Fly out, F7 (Flyball, 78S, EV 78.8 MPH) Runner from 3rd tags up, SCORES, throw by LF
|
Batting: LHB Roberto Inostraza
|
0-0: Called Strike 0-1: Swinging Strike 0-2: Ball 1-2: SINGLE (Groundball, 13, EV 85.0 MPH) (infield hit)
|
Pitching: LHP Júlio Medina
|
|
Batting: RHB Gabriel Salinas
|
0-0: Ball 1-0: Called Strike 1-1: Foul Ball, location: 2F 1-2: Foul Ball, location: 2F 1-2: Strikes out swinging
|
Bottom of the 7th over - 2 runs, 2 hits, 0 errors, 1 left on base; Pontiac 5 - Mancelona 4 |
TOP OF THE 8TH |
Pontiac Godfathers batting - Pitching for Mancelona Torch : RHP Carlos Orozco
|
Now at SS: Christophe Bouet
|
|
Now in CF: Harry Kofmeister
|
|
Batting: RHB Lance Guy
|
0-0: Ball 1-0: Ball 2-0: Ball 3-0: DOUBLE (Line Drive, 5D, EV 104.4 MPH)
|
Batting: RHB Christian Brown
|
0-0: Intentional Walk
|
Batting: RHB Jerome Burns
|
0-0: Fly out, F8 (Flyball, 8RD, EV 94.4 MPH)
|
Batting: LHB Jerry Padgett
|
0-0: Ball 1-0: Ball 2-0: Foul Ball, location: 2F 2-1: Ball 3-1: Base on Balls Lance Guy to third Christian Brown to second
|
Batting: LHB Shawn Dalton
|
0-0: Called Strike 0-1: Ball 1-1: Ball 2-1: Ball 3-1: Called Strike 3-2: Grounds into fielders choice 4-2 (Groundball, 4M, EV 84.4 MPH) Christian Brown to third Jerry Padgett to second
|
Batting: RHB Arthur Shelton
|
0-0: Called Strike 0-1: Ball 1-1: Called Strike 1-2: SINGLE (Line Drive, 4M, EV 107.5 MPH) Christian Brown scores Jerry Padgett to third Shawn Dalton to second
|
Batting: LHB Kobbe van Houwelingen
|
0-0: Ball 1-0: Ball 2-0: Called Strike 2-1: Called Strike 2-2: Ball 3-2: Base on Balls Jerry Padgett scores Shawn Dalton to third Arthur Shelton to second
|
Batting: LHB António Castillo
|
0-0: Hit by Pitch Shawn Dalton scores Arthur Shelton to third Kobbe van Houwelingen to second
|
Pitching: RHP Eugene Blake
|
|
Batting: RHB David Sterling
|
0-0: Ball 1-0: Foul Ball, location: 2F 1-1: Foul Ball, location: 2F 1-2: Ground out 4-3 (Groundball, 4D, EV 99.4 MPH)
|
Top of the 8th over - 3 runs, 2 hits, 0 errors, 3 left on base; Pontiac 8 - Mancelona 4 |
BOTTOM OF THE 8TH |
Mancelona Torch batting - Pitching for Pontiac Godfathers : LHP Júlio Medina
|
Batting: SHB Harry Kofmeister
|
0-0: SOLO HOME RUN (Flyball, 78XD, EV 105.6 MPH), Distance : 409 ft
|
Batting: RHB Broderick Petersen
|
0-0: Called Strike 0-1: Swinging Strike 0-2: Ball 1-2: SINGLE (Groundball, 6S, EV 63.8 MPH) (infield hit)
|
Batting: LHB Enrique Pérez
|
0-0: Ball 1-0: Called Strike 1-1: Ball 2-1: Foul Ball, location: 2F 2-2: Strikes out swinging
|
Batting: RHB Ronnie Pendley
|
0-0: Ball 1-0: Foul Ball, location: 2F 1-1: Called Strike 1-2: Ball 2-2: Foul Ball, location: 2F 2-2: Strikes out swinging
|
Batting: SHB Bikila Ayinde
|
0-0: Ball 1-0: Ball 2-0: Fly out, F8 (Flyball, 8LD, EV 81.9 MPH)
|
Bottom of the 8th over - 1 run, 2 hits, 0 errors, 1 left on base; Pontiac 8 - Mancelona 5 |
TOP OF THE 9TH |
Pontiac Godfathers batting - Pitching for Mancelona Torch : RHP Eugene Blake
|
Batting: RHB Lance Guy
|
0-0: Ball 1-0: Ball 2-0: Called Strike 2-1: Ball 3-1: Base on Balls
|
Batting: RHB Christian Brown
|
0-0: Fielders Choice at 2nd, 4-6 (Groundball, 4M, EV 108.1 MPH)
|
Batting: RHB Jerome Burns
|
0-0: Ball 1-0: Called Strike Balk! Christian Brown to second 1-1: Ground out U3 (Groundball, 34S, EV 80.0 MPH) Christian Brown to third
|
Batting: LHB Jerry Padgett
|
0-0: Called Strike 0-1: Ball 1-1: Swinging Strike 1-2: Foul Ball, location: 2F 1-2: Ground out 4-3 (Groundball, 4, EV 91.9 MPH)
|
Top of the 9th over - 0 runs, 0 hits, 0 errors, 1 left on base; Pontiac 8 - Mancelona 5 |
BOTTOM OF THE 9TH |
Mancelona Torch batting - Pitching for Pontiac Godfathers : LHP Júlio Medina
|
Pitching: RHP Hal Wilson
|
|
Now at 1B: Russ Hopkins
|
|
Batting: LHB Scott Rice
|
0-0: Ground out U3 (Groundball, 3L, EV 81.2 MPH)
|
Batting: SHB Christophe Bouet
|
0-0: Ball 1-0: Ground out 2-3 (Groundball, 13S, EV 68.8 MPH)
|
Batting: LHB Roberto Inostraza
|
0-0: Ball 1-0: Ball 2-0: Ball 3-0: Called Strike 3-1: Called Strike 3-2: Strikes out swinging
|
Bottom of the 9th over - 0 runs, 0 hits, 0 errors, 0 left on base; Pontiac 8 - Mancelona 5 |
|